 Dungeon Crawl Stone Soup version 0.20-a0-1089-g3fde505 (webtiles) character file.

25 KrozogBurug the Ogre Mage (level 3, -1/31 HPs)
             Began as an Ogre Wizard on May 3, 2017.
             Slain by a giant cockroach (2 damage)
             ... on level 1 of the Dungeon.
             The game lasted 00:03:58 (1015 turns).

KrozogBurug the Ogre Mage (Ogre Wizard)             Turns: 1015, Time: 00:03:58

Health: -1/31      AC:  3    Str: 11    XL:     3   Next: 4%
Magic:  2/8        EV: 10    Int: 20    God:
Gold:   39         SH:  0    Dex:  7    Spells: 6/9 levels left

rFire    . . .     SeeInvis .   l - +0 club
rCold    . . .     Gourm    .   (no shield)
rNeg     . . .     Faith    .   a - +0 robe
rPois    .         Spirit   .   b - +0 hat
rElec    .         Reflect  .   (no cloak)
rCorr    .         Harm     .   (gloves unavailable)
MR       .....                  (boots unavailable)
Stlth    +.........             (no amulet)
Regen    0.1/turn               (no ring)
MPRegen  0.2/turn               (no ring)

@: no status effects
A: unfitting armour, tough skin 1
a: no special abilities


You were on level 1 of the Dungeon.
You were not hungry.

You visited 1 branch of the dungeon, and saw 1 of its levels.

You collected 39 gold pieces.

Inventory:

Hand Weapons
 h - a +0 hunting sling
 l - a +0 club (weapon)
Missiles
 e - 31 sling bullets (quivered)
Armour
 a - a +0 robe (worn)
 b - a +0 hat (worn)
Scrolls
 j - 2 scrolls of immolation {unknown}
 m - a scroll of recharging {unknown}
Potions
 i - a potion of cancellation {unknown}
 k - a potion of might {unknown}
Books
 c - a book of Minor Magic

   Spells                             Type                      Level
   a - Magic Dart                     Conjuration                  1
   b - Blink                          Translocation                2
   c - Call Imp                       Summoning                    2
   d - Slow                           Hexes                        2
   e - Conjure Flame                  Conjuration/Fire             3
   f - Mephitic Cloud                 Conjuration/Poison/Air       3
Comestibles
 d - a bread ration
 f - a meat ration
 g - 3 royal jellies


   Skills:
 + Level 0.6 Maces & Flails
 - Level 1.7 Dodging
 - Level 1.4 Stealth
 + Level 3.9 Spellcasting
 - Level 2.0 Conjurations
   Level 0.8 Summonings
 - Level 0.8 Translocations


You had 6 spell levels left.
You knew the following spells:

 Your Spells              Type           Power        Failure   Level  Hunger
a - Magic Dart            Conj           ##..         5%          1    None
b - Blink                 Tloc           N/A          14%         2    ##.....


Dungeon Overview and Level Annotations

Branches:
Dungeon (1/15)

Altars:


Innate Abilities, Weirdness & Mutations

You are too large for most types of armour.
You have tough skin. (AC +1)


Message History

You closely miss the giant cockroach.
The giant cockroach bites you but does no damage.
The ooze hits you.
* * * LOW HITPOINT WARNING * * *
The giant cockroach bites you.
* * * LOW HITPOINT WARNING * * *
The ooze closely misses you.
Your magical contamination has completely faded away.
You barely miss the giant cockroach. The giant cockroach closely misses you.
The ooze hits you.
* * * LOW HITPOINT WARNING * * *
The giant cockroach bites you.
* * * LOW HITPOINT WARNING * * *
Unknown command.
You closely miss the giant cockroach. The ooze hits you.
* * * LOW HITPOINT WARNING * * *
The giant cockroach bites you but does no damage.
You barely miss the giant cockroach. The ooze barely misses you.
The giant cockroach bites you.
You die...

###### #.## #.###.#####
#....######..###.###.#
#..........).......#.#
#..###############.#.### ###
#..#......(......#.....### #.##
#..#.....wJs.....#........ ...#
#..#....Jsrsr.. #.....### #.##
#..#######J#######.....#
#.######..#.....@s......#.....#
#.........'⌠....###....⌠'.....#
#....###..#......<......#.#.###
##.#.# #..#..⌠...>...⌠..#.#.#
#.#.###..###'#######'###.#'##
#.................[.........##
###.#####.#........#####.....##
##..# #..........# ##....)..##
##...#######.#.#....###.........#


You could see a worm, 3 oozes, 4 giant cockroaches and 2 rats.

Vanquished Creatures
  2 dart slugs (D:1)
  2 bats (D:1)
  4 giant cockroaches (D:1)
  A hobgoblin (D:1)
  A jackal (D:1)
  A ball python (D:1)
  3 goblins (D:1)
  2 kobolds (D:1)
  4 rats (D:1)
20 creatures vanquished.

Notes
Turn   | Place    | Note
-------+----------+-------------------------------------------
     0 | D:1      | KrozogBurug the Ogre Wizard began the quest for the Orb.
     0 | D:1      | Reached XP level 1. HP: 16/16 MP: 5/5
     3 | D:1      | Found a runed door.
    48 | D:1      | Reached skill level 1 in Conjurations
   456 | D:1      | Reached XP level 2. HP: 24/24 MP: 3/6
   460 | D:1      | Learned a level 2 spell: Blink
  1009 | D:1      | Reached XP level 3. HP: 21/31 MP: 1/8
  1014 | D:1      | HP: 1/31 [ooze (4)]
  1015 | D:1      | Slain by a giant cockroach

Vault maps used:
D:1:      dpeg_arrival_caged_fury, hangedman_decor_clover_reticule

Skill      XL: |  1  2 |
---------------+-------+-----
Conjurations   | 1 2 |  2.0
Maces & Flails | |  0.6
Dodging        | |  1.7
Stealth        | |  1.4
Spellcasting   | |  3.9
Summonings     | |  0.8
Translocations | |  0.8

Action                   || total
-------------------------++-------
Melee: Unarmed           ||    26
       Club              ||    10
 Fire: Hunting sling     ||     7
 Cast: Magic Dart        ||    31
 Stab: Sleeping          ||     1
Armor: Robe              ||    37
Dodge: Dodged            ||    47
